 Dungeon Crawl Stone Soup version 0.24-a0-251-g44e327e (webtiles) character file.

Game seed: 8343537613899247563

302 Ijustatesigmund the Chopper (level 6, -7/44 HPs)
             Began as an Octopode Fighter on Apr 16, 2019.
             Killed from afar by an orc wizard (9 damage)
             ... with a puff of flame
             ... on level 4 of the Dungeon.
             The game lasted 00:06:10 (3025 turns).

Ijustatesigmund the Chopper (Octopode Fighter)      Turns: 3025, Time: 00:06:12

Health: -7/44      AC:  1    Str: 20    XL:     6   Next: 37%
Magic:  6/6        EV: 15    Int: 11    God:
Gold:   231        SH: 13    Dex: 18    Spells: 5/5 levels left

rFire    . . .     SeeInvis .   a - +0 war axe
rCold    . . .     Gourm    .   b - +4 shield
rNeg     . . .     Faith    .   (helmet restricted)
rPois    .         Spirit   .   (no amulet)
rElec    .         Reflect  .   j - ring of stealth
rCorr    .         Harm     .   m - ring of stealth
MR       .....                  (no ring)
Stlth    ++++++....             (no ring)
HPRegen  0.14/turn              (no ring)
MPRegen  0.10/turn              (no ring)
                                (no ring)
                                (no ring)

@: mighty, agile, flying, hasted, heavily drained, very quick
A: almost no armour, stealthy swim, amphibious, 8 rings, constrict 8, camouflage
1, gelatinous body 1
a: no special abilities


You were on level 4 of the Dungeon.
You were not hungry.

You visited 1 branch of the dungeon, and saw 4 of its levels.

You collected 231 gold pieces.

Inventory:

Hand Weapons
 a - a +0 war axe (weapon)
Armour
 b - a +4 shield (worn)
Jewellery
 j - a ring of stealth (left tentacle)
 m - a ring of stealth (right tentacle)
Scrolls
 e - 2 scrolls of teleportation
 g - a scroll of remove curse
 q - a scroll of fog {unknown}
Potions
 h - a potion of berserk rage {unknown}
 i - a potion of resistance
 l - a potion of haste
 n - a potion of heal wounds {unknown}
 o - a potion of flight
Comestibles
 d - 7 rations


   Skills:
 + Level 4.3(2.4) Fighting
 + Level 4.6(2.7) Axes
 + Level 3.3(1.4) Dodging
 - Level 2.7(0.8) Stealth
 + Level 3.4(1.4) Shields


You had 5 spell levels left.
You didn't know any spells.
Your spell library was empty.

Dungeon Overview and Level Annotations

Branches:
Dungeon (4/15)
 Temple: D:4-7

Altars:
Ashenzari
Dithmenos
Qazlal


Innate Abilities, Weirdness & Mutations

You cannot wear most types of armour.
You are very stealthy in the water. (Stealth+)
You are amphibious.
You can wear up to eight rings at the same time.
You can use your tentacles to constrict eight enemies at once.
Your skin changes colour to match your surroundings (Stealth+).
Your rubbery body absorbs attacks. (AC +1, EV +1)


Message History

Something hits you but does no damage.
You feel drained. You block the orc's attack.
You feel better. Something hits you.
* * * LOW HITPOINT WARNING * * *
You feel drained.
* * * LOW HITPOINT WARNING * * *
It was a potion of agility.
You feel agile all of a sudden. You block the orc's attack.
You block something's attack.
You slash the orc!
You kill the orc!
You miss something. Something hits you.
* * * LOW HITPOINT WARNING * * *
You feel drained.
* * * LOW HITPOINT WARNING * * *
You completely miss something.
You hear some strange, mumbled words.
A puff of flame appears from out of thin air!
The puff of flame hits you!
You die...

##.####.........)!......
..# .................. #
#.#.......#........... #
.. .................. ..
....##....>.....# ...
... #%....##..## ... ..
#.....###... .. .
...#........... ..
........@)......
#......{))....#.
.................
.................
.................
.......=.........
....#....##...#)
...!..... ...#


There were no monsters in sight!

Vanquished Creatures
  An orc wizard (D:3)
  2 orc priests (D:4)
  Terence (D:3)
  3 worker ants (D:4)
  A hound skeleton (D:4)
  An adder (D:3)
  A shadow imp (D:3)
  2 oozes (D:1)
  3 dart slugs (D:1)
  7 orcs
  2 giant cockroaches
  10 goblins
  5 hobgoblins
  6 jackals (D:1)
  A quokka (D:4)
  3 ball pythons
  7 bats
  2 frilled lizards (D:2)
  6 kobolds
  10 rats
  A plant (D:3)
75 creatures vanquished.

Notes
Turn   | Place    | Note
-------+----------+-------------------------------------------
     0 | D:1      | Ijustatesigmund the Octopode Fighter began the quest for
                  | the Orb.
     0 | D:1      | Reached XP level 1. HP: 16/16 MP: 1/1
    34 | D:1      | Reached XP level 2. HP: 14/21 MP: 2/2
   368 | D:1      | Reached XP level 3. HP: 21/26 MP: 3/3
  1436 | D:2      | You fall through a shaft!
  1558 | D:2      | Reached skill level 1 in Stealth
  1629 | D:2      | Reached XP level 4. HP: 32/32 MP: 4/4
  1843 | D:3      | Noticed Terence
  1850 | D:3      | Killed Terence
  2294 | D:3      | Reached XP level 5. HP: 35/37 MP: 5/5
  2414 | D:3      | Found a stormy altar of Qazlal.
  2414 | D:3      | Found a shadowy altar of Dithmenos.
  2417 | D:3      | Found a shattered altar of Ashenzari.
  2999 | D:4      | Reached XP level 6. HP: 41/43 MP: 6/6
  3020 | D:4      | HP: 2/44 [something (3)]
  3025 | D:4      | Killed from afar by an orc wizard

Levels and vault maps discovered:
D:1:      lightli_arrival_maybe_door_vault, layout_loops_ring,
          minmay_indecisive_spiral
D:2:      layout_loops_corners, first_ration
D:3:      minmay_skewed_foursquare, layout_basic,
          gammafunk_temple_overflow_forgotten, uniq_terence
D:4:      layout_cave_pools, gammafunk_ghost_smash

Skill      XL: |  1  2  3  4  5 |
---------------+----------------+-----
Axes           | 3 4 |  4.6
Stealth        | 1 2 |  2.7
Fighting       | 4 |  4.3
Dodging        | |  3.3
Shields        | |  3.4

Action                   |  1- 3 |  4- 6 || total
-------------------------+-------+-------++-------
Melee: War axe           |    63 |    66 ||   129
       Constrict         |    23 |    19 ||    42
       Tentacles         |     9 |    12 ||    21
  Use: Scroll            |       |    10 ||    10
       Potion            |       |     6 ||     6
 Stab: Sleeping          |     7 |    13 ||    20
  Eat: Chunk             |     2 |     5 ||     7
Armor: Skin              |     3 |       ||     3
Dodge: Dodged            |    22 |    14 ||    36
Block: Shield            |    28 |    28 ||    56

Table legend:
 A = Non-vault XP
 B = Vault XP
 C = Vault XP percentage of total XP
 D = Non-vault monster count
 E = Vault monster count
 F = Vault count percentage of total count
                 A         B        C        D         E       F
            +---------+---------+-------+---------+---------+-------
      Total |     363 |      69 |  16.0 |      64 |      10 |  13.5
            +---------+---------+-------+---------+---------+-------
        D:1 |      46 |      11 |  19.3 |      21 |       4 |  16.0
        D:2 |      26 |       0 |   0.0 |      17 |       0 |   0.0
        D:3 |      75 |      58 |  43.6 |      15 |       6 |  28.6
        D:4 |     216 |       0 |   0.0 |      11 |       0 |   0.0
            +---------+---------+-------+---------+---------+-------
